Rincewind, chaotic male elven Wizard ------------- *####F####@##### ###)########***######*##-------- |.....@...T.| #--------- *# #------ ## #-...>..| |......&n@...####$|.M......########T.....######.----- ###|.......# |../....@@..| #`|.......| #.g.?.| #`##|....| ###|....:.|$ |.......i.@.j####h@....^..| |s....###d##|...u.#### --------# |.......c...| -.-|----- ......# * #|....| ### # ------------- CO### ##-....@*# # -.- . E # # # ##--k..-## $ P####?###vy###&* # ###### ### * ## # # # # # # # # $ # * # # # ###### $ $ * ####*##### $ # # ##---- ---|----# # # $ ##...| * |.......##)############ j * $ #|^.| $ |..r...| #---.--.---- #|).| |......| #..........| #|..| $ -------- |.......... $ #.<.| $$ |.........| $ ---- $$ * |.........| $ ----------- Rincewind the Magician Experience level: 11 Strength: 13 Dexterity: 15 Constitution: 15 Intelligence: 20 Wisdom: 15 Charisma: 8 Health: 0(76) Energy: 105(105) Def: 0 Gold: 0 Moves: 18256 Dungeon seed: J7pUTr9tCHblQO-d Game ID: Rincewind_1464351051 Your Inventory: Weapons a - a blessed +2 quarterstaff (alternate weapon; not wielded) p - the uncursed very corroded +0 Magicbane (weapon in hand) Armor e - an uncursed thoroughly burnt +0 cloak of magic resistance r - a blessed greased +0 silver dragon scale mail Potions f - an uncursed potion of object detection t - an uncursed potion of confusion Rings d - an uncursed ring of see invisible (on left hand) I - an uncursed ring of see invisible Wands h - an uncursed wand of cancellation (0:6) j - an uncursed wand of magic missile (0:0) C - an uncursed wand of teleportation (0:3) G - an uncursed wand of make invisible (0:4) Tools s - an uncursed bag of holding E - an uncursed +0 unicorn horn F - an uncursed +0 unicorn horn Y - an uncursed mirror Contents of the bag of holding: 24237 gold pieces a blessed scroll of earth an uncursed scroll of enchant armor an uncursed scroll of genocide an uncursed scroll of identify an uncursed scroll of light an uncursed scroll of scare monster an uncursed scroll of stinking cloud an uncursed spellbook of charm monster an uncursed spellbook of cure sickness an uncursed spellbook of fireball a blessed spellbook of force bolt an uncursed spellbook of healing a blessed spellbook of jumping an uncursed spellbook of protection an uncursed spellbook of teleport away an uncursed potion of booze an uncursed potion of speed an uncursed ring of cold resistance an uncursed ring of cold resistance a blessed +1 ring of increase damage an uncursed ring of poison resistance an uncursed ring of regeneration an uncursed ring of shock resistance an uncursed ring of slow digestion an uncursed wand of digging (0:8) an uncursed wand of enlightenment (0:9) an uncursed wand of fire (0:4) an uncursed wand of light (0:12) an uncursed wand of make invisible (0:8) an uncursed wand of make invisible (0:3) an uncursed wand of nothing (0:3) an uncursed wand of polymorph (0:3) an uncursed wand of secret door detection (0:13) an uncursed wand of slow monster (0:8) an uncursed wand of speed monster (0:6) an uncursed wand of teleportation (0:3) an uncursed wand of wishing (1:0) a blessed figurine of an Archon an uncursed leather drum an uncursed sack Spells and supernatural/magical abilities: Name Level Category Fail Memory a - force bolt 1 attack 0% 9% e - charm monster 3 enchantment 0% 60% f - fireball 4 attack 0% 60% h - healing 1 healing 0% 9% j - jumping 1 escape 0% 93% n - detect monsters 1 divination 0% 51% p - protection 1 clerical 0% 60% K - cure sickness 3 healing 56% 55% W - pray for help -- divine ? -- Your skills at the end: Fighting Skills Weapon Skills dagger [Expert] quarterstaff [Basic] Spellcasting Skills attack spells [Expert] enchantment spells [Basic] Final Attributes: You were piously aligned. You were sleep resistant. You were magic-protected. You were hallucinating. You were confused. You were blinded. You saw invisible. You were telepathic. You had infravision. You were invisible to others. Anhur was angry with you. You are dead (78th time!). Vanquished creatures: a vampire lord a clay golem 2 nurses 3 giant mimics an ogre king an ice troll an umber hulk an Elvenking a large mimic a wumpus 2 long worms a couatl an air elemental 2 water elementals a black naga a xorn 2 elf-lords 2 sergeants 2 vrocks a salamander 4 wargs 2 xans a troll a sasquatch a pyrolisk 2 large dogs 2 freezing spheres a flaming sphere 2 large cats 3 dwarf kings 3 tengu 2 leocrottas an energy vortex 2 elf mummies a human mummy a pit viper a wraith a leather golem 2 soldiers a succubus an incubus 2 chameleons a giant beetle 3 quivering blobs 4 cockatrices 3 wolves 2 winter wolf cubs a lynx a panther 3 gremlins a spotted jelly 30 leprechauns an orc-captain an iron piercer 2 mumakil 2 giant spiders a horse an ice vortex 4 black lights 4 vampire bats a forest centaur a gnome king an orc mummy 2 dwarf mummies 5 brown puddings a rust monster 3 owlbears 3 yetis 2 gold golems a werewolf 4 Green-elves 3 lizards 3 chickatrices 2 dogs 2 jaguars 3 dwarf lords a blue jelly 2 gray unicorns 2 ravens 4 plains centaurs a gnome mummy a snake 7 apes 10 soldier ants 6 fire ants 5 bugbears 2 quasits 3 wood nymphs 2 water nymphs 4 mountain nymphs 5 Mordor orcs 5 Uruk-hai an orc shaman 7 rock piercers a rock mole 2 ponies 3 fog clouds 6 yellow lights 5 shriekers 3 violet fungi 20 gnome lords 6 gnomish wizards 4 guardian naga hatchlings 2 gray oozes 3 barrow wights 3 elf zombies 3 straw golems a paper golem 16 giant ants 5 little dogs 10 floating eyes 5 kittens 19 dwarves 3 homunculi 5 kobold lords 3 kobold shamans 15 hill orcs 10 rothes 2 rabid rats 3 centipedes 3 giant bats 12 orc zombies 2 dwarf zombies 4 wererats 3 werejackals 5 iguanas 37 killer bees 3 acid blobs 3 coyotes 3 gas spores 3 hobbits 4 manes 5 large kobolds 16 hobgoblins 3 giant rats 10 cave spiders 3 brown molds 2 yellow molds 3 red molds 55 gnomes 2 gnome zombies 4 geckos 20 jackals 4 foxes 2 kobolds a goblin 9 sewer rats 13 grid bugs 9 bats 5 lichens 3 kobold zombies 7 newts and a partridge in a pear tree 651 creatures vanquished. Voluntary challenges: You used a wielded weapon 1213 times, starting on turn 69. You read items or engraved 50 times, starting on turn 45. You never genocided any monsters. You never polymorphed an object. You changed form 1 time, starting on turn 11860. You used 6 wishes, starting on turn 32. You wished for your your first artifact on turn 32. You split 4 puddings, starting on turn 6747. You wrote Elbereth's name 6 times, starting on turn 3775. You violated your moral code, losing 215 points of alignment, starting on turn 518. Dungeon overview: The Dungeons of Doom: levels 1 to 21 Level 1 some fountains a long staircase Level 2 some fountains stairs to The Gnomish Mines Level 3 a fountain, a sink Level 4 Level 5 a fountain Level 6 a throne Level 7 a fountain, a sink Level 8 many fountains Level 9 a fountain, a sink stairs to Sokoban Level 10 some fountains Level 11 a sink Level 12 a fountain, a throne Level 13 a fountain Level 14 Level 15 some fountains Level 16 a fountain Level 17 Level 18 an altar to Thoth, a sink Level 19 Level 20 <- You were here Level 21 an altar to Thoth The Gnomish Mines: levels 3 to 9 Level 3 stairs to The Dungeons of Doom Level 4 Level 5 Level 6 many shops, a temple to Anhur, some fountains Level 7 Level 8 Level 9 Sokoban: levels 5 to 8 Level 5 Level 6 Level 7 Level 8 stairs to The Dungeons of Doom History has recorded: On T:1 you entered the Dungeons of Doom to retrieve the Amulet of Yendor! On T:32 you wished for "magicbane". On T:33 you wished for "2 blessed scrolls of charging". On T:34 you wished for "blessed greased +2 silver dragon scale mail". On T:46 you wished for "bag of holding". On T:47 you wished for "blessed fireproof +2 speed boots". On T:77 you reached level 2 of The Dungeons of Doom. On T:375 you reached level 3 of The Dungeons of Doom. On T:447 you advanced to experience level 2. On T:518 you advanced to experience level 3. On T:534 you advanced to experience level 4. On T:599 you reached level 4 of The Dungeons of Doom. On T:747 you reached level 5 of The Dungeons of Doom. On T:928 you reached level 6 of The Dungeons of Doom. On T:1131 you advanced to experience level 5. On T:1336 you reached level 7 of The Dungeons of Doom. On T:1665 you advanced to experience level 6. On T:1696 you reached level 8 of The Dungeons of Doom. On T:2021 you reached level 9 of The Dungeons of Doom. On T:2285 you advanced to experience level 7. On T:2663 you advanced to experience level 8. On T:2714 you were saved from death by your wizard powers! On T:3098 you reached level 10 of The Dungeons of Doom. On T:3164 you were saved from death by your wizard powers! On T:3401 you reached level 11 of The Dungeons of Doom. On T:3486 you reached level 12 of The Dungeons of Doom. On T:3720 you reached level 4 of Sokoban. On T:3999 you reached level 3 of Sokoban. On T:4898 you reached level 2 of Sokoban. On T:5359 you reached level 1 of Sokoban. On T:5389 you advanced to experience level 9. On T:7362 you reached level 13 of The Dungeons of Doom. On T:8154 you reached level 1 of The Gnomish Mines. On T:8176 you reached level 2 of The Gnomish Mines. On T:8348 you reached level 3 of The Gnomish Mines. On T:8672 you reached level 4 of The Gnomish Mines. On T:9760 you reached level 5 of The Gnomish Mines. On T:9800 you reached level 6 of The Gnomish Mines. On T:9970 you advanced to experience level 10. On T:10671 you reached level 7 of The Gnomish Mines. On T:12474 you were saved from death by your wizard powers! On T:12571 you reached level 14 of The Dungeons of Doom. On T:12575 you were saved from death by your wizard powers! On T:12583 you were saved from death by your wizard powers! On T:12592 you were saved from death by your wizard powers! On T:12870 you reached level 15 of The Dungeons of Doom. On T:13153 you reached level 16 of The Dungeons of Doom. On T:13246 you reached level 17 of The Dungeons of Doom. On T:13994 you reached level 18 of The Dungeons of Doom. On T:14153 you reached level 19 of The Dungeons of Doom. On T:14249 you were saved from death by your wizard powers! On T:14257 you were saved from death by your wizard powers! On T:14300 you were saved from death by your wizard powers! On T:14337 you were saved from death by your wizard powers! On T:14343 you were saved from death by your wizard powers! On T:14407 you were saved from death by your wizard powers! On T:14415 you advanced to experience level 11. On T:14430 you were saved from death by your wizard powers! On T:14436 you were saved from death by your wizard powers! On T:14438 you were saved from death by your wizard powers! On T:14440 you were saved from death by your wizard powers! On T:14442 you were saved from death by your wizard powers! On T:14444 you were saved from death by your wizard powers! On T:14446 you were saved from death by your wizard powers! On T:14449 you were saved from death by your wizard powers! On T:14450 you were saved from death by your wizard powers! On T:14454 you were saved from death by your wizard powers! On T:14462 you were saved from death by your wizard powers! On T:14469 you were saved from death by your wizard powers! On T:14492 you were saved from death by your wizard powers! On T:14498 you were saved from death by your wizard powers! On T:14552 you were saved from death by your wizard powers! On T:15346 you were saved from death by your wizard powers! On T:15787 you wished for "blessed figurine of an archon". On T:15832 you were saved from death by your wizard powers! On T:15947 you reached level 20 of The Dungeons of Doom. On T:17007 you reached level 21 of The Dungeons of Doom. On T:17508 you were saved from death by your wizard powers! On T:17824 you were saved from death by your wizard powers! On T:17827 you were saved from death by your wizard powers! On T:17977 you were saved from death by your wizard powers! On T:18035 you were saved from death by your wizard powers! On T:18056 you were saved from death by your wizard powers! On T:18058 you were saved from death by your wizard powers! On T:18060 you were saved from death by your wizard powers! On T:18063 you were saved from death by your wizard powers! On T:18066 you were saved from death by your wizard powers! On T:18069 you were saved from death by your wizard powers! On T:18070 you were saved from death by your wizard powers! On T:18073 you were saved from death by your wizard powers! On T:18074 you were saved from death by your wizard powers! On T:18076 you were saved from death by your wizard powers! On T:18076 you were saved from death by your wizard powers! On T:18078 you were saved from death by your wizard powers! On T:18079 you were saved from death by your wizard powers! On T:18080 you were saved from death by your wizard powers! On T:18081 you were saved from death by your wizard powers! On T:18082 you were saved from death by your wizard powers! On T:18083 you were saved from death by your wizard powers! On T:18084 you were saved from death by your wizard powers! On T:18085 you were saved from death by your wizard powers! On T:18134 you were saved from death by your wizard powers! On T:18136 you were saved from death by your wizard powers! On T:18138 you were saved from death by your wizard powers! On T:18139 you were saved from death by your wizard powers! On T:18140 you were saved from death by your wizard powers! On T:18141 you were saved from death by your wizard powers! On T:18141 you were saved from death by your wizard powers! On T:18144 you were saved from death by your wizard powers! On T:18147 you were saved from death by your wizard powers! On T:18148 you were saved from death by your wizard powers! On T:18150 you were saved from death by your wizard powers! On T:18151 you were saved from death by your wizard powers! On T:18174 you were saved from death by your wizard powers! On T:18227 you were saved from death by your wizard powers! On T:18231 you were saved from death by your wizard powers! On T:18234 you were saved from death by your wizard powers! On T:18235 you were saved from death by your wizard powers! On T:18236 you were saved from death by your wizard powers! On T:18238 you were saved from death by your wizard powers! On T:18239 you were saved from death by your wizard powers! On T:18240 you were saved from death by your wizard powers! On T:18241 you were saved from death by your wizard powers! On T:18242 you were saved from death by your wizard powers! On T:18247 you were saved from death by your wizard powers! Score breakdown: Gold: 24237 (14914 points) Experience: 11 levels (17616 points) Exploration: 21 levels ( 44.68%) (19781 points) Discoveries: 35 items ( 12.68%) (10683 points) Valuables value: (no points given unless you survive) Artifact value: 3500 (12056 points) Variety of kills: 152 monsters ( 39.90%) (18948 points) Turncount: 18256 turns (-3267 points) Survival: died (score multiplied by 80%) Total score: 72584 Latest messages: The tengu hits! The gnomish wizard hits! The Luggage bites! The disenchanter bites! The lieutenant hits! The acid blob hits! The lizard hits! The guardian naga hatchling hits! The iron golem bites! The wererat bites! The shrieker hits! The Olog-hai hits! The gnome king hits! The fog cloud hits! The yellow light hits! The dwarf king hits! The fire vortex bites! The sergeant bites! You die... The sack is empty. The sack is empty. Final status: Goodbye Rincewind the Wizard, killed by a hallucinogen-distorted silver dragon... You died in The Dungeons of Doom on dungeon level 20 with 72584 points, and 24237 pieces of gold, after 18256 moves. You were level 11 with a maximum of 76 hit points when you died.